 Dungeon Crawl Stone Soup version 0.25-a0-583-g696c2ac64d (webtiles) character file.

Game seed: 629242934416386416, levelgen mode: deterministic

114 Edwards80 the Slinger (level 5, -5/34 HPs)
             Began as a Halfling Hunter on Mar 8, 2020.
             Killed from afar by Ijyb (13 damage)
             ... with a bolt of acid
             ... on level 4 of the Dungeon.
             The game lasted 00:08:57 (2497 turns).

Edwards80 the Slinger (Halfling Hunter)             Turns: 2497, Time: 00:08:57

Health: -5/34      AC: 11    Str: 13    XL:     5   Next: 18%
Magic:  5/5        EV:  5    Int:  9    God:
Gold:   195        SH:  0    Dex: 16    Spells: 4/4 levels left

rFire    . . .     SeeInvis .   a - +1 hunting sling
rCold    . . .     Gourm    .   (shield restricted)
rNeg     . . .     Faith    .   c - +0 plate armour
rPois    .         Spirit   .   (no helmet)
rElec    .         Reflect  .   (no cloak)
rCorr    .         Harm     .   q - +0 pair of gloves
MR       .....                  (no boots)
Stlth    ..........             (no amulet)
HPRegen  0.11/turn              (no ring)
MPRegen  0.09/turn              (no ring)

@: no status effects
A: small, mutation resistance 1
a: no special abilities


You were on level 4 of the Dungeon.
You were not hungry.

You visited 1 branch of the dungeon, and saw 4 of its levels.

You collected 195 gold pieces.

Inventory:

Hand Weapons
 a - a +1 hunting sling (weapon)
 b - a +1 dagger of holy wrath
Missiles
 d - 8 sling bullets (quivered)
 n - 58 stones
Armour
 c - a +0 plate armour (worn)
 q - a +0 pair of gloves (worn)
Wands
 r - a wand of iceblast (9)
Scrolls
 e - a scroll of remove curse
 g - a scroll of amnesia
 h - 2 scrolls of identify
 j - 3 scrolls of teleportation
 k - a scroll of enchant weapon {unknown}
 l - 2 scrolls of enchant armour {unknown}
 o - a scroll of random uselessness {unknown}
 p - a scroll of magic mapping {unknown}
Potions
 i - 2 potions of curing
 m - a potion of heal wounds {unknown}
Comestibles
 f - 6 rations


   Skills:
 - Level 1.8 Fighting
 * Level 8.8 Slings
 - Level 0.1 Armour
 - Level 2.2 Dodging
 - Level 1.1 Stealth


You had 4 spell levels left.
You didn't know any spells.
Your spell library was empty.

Dungeon Overview and Level Annotations

Branches:
Dungeon (4/15)
 Temple: D:4-7

Altars:

Annotations:
D:3 3 runed translucent doors, jt's ghost, amateur GrMo
D:4 Ijyb


Innate Abilities, Weirdness & Mutations

You are small and have problems with some larger weapons.
You are somewhat resistant to further mutation.


Message History

Aim: Ijyb, wearing a +0 scale mail and carrying a wand of acid (5) (fast)
You shoot a sling bullet.
The sling bullet hits Ijyb but does no damage.
Firing (i - inventory. (/) - cycle)
d - 10 sling bullets (quivered)
Press: ? - help, Shift-Dir - straight line, f/p - Ijyb
Aim: Ijyb, wearing a +0 scale mail and carrying a wand of acid (5) (fast)
You shoot a sling bullet. The sling bullet hits Ijyb.
Ijyb is lightly wounded.
Firing (i - inventory. (/) - cycle)
d - 9 sling bullets (quivered)
Press: ? - help, Shift-Dir - straight line, f/p - Ijyb
Aim: Ijyb, wearing a +0 scale mail and carrying a wand of acid (5) (lightly wounded, fast)
You shoot a sling bullet.
The sling bullet hits Ijyb but does no damage.
Ijyb is lightly wounded.
Ijyb zaps a wand.
The bolt of acid hits you!
Ouch! That really hurt!
You are splashed with acid!
* * * LOW HITPOINT WARNING * * *
Ijyb zaps a wand.
The bolt of acid hits you!
You die...

#####.#.###...###.#.#
#.#...........#.#
######.#..###.######.###
....#..................#
###.##.#..##...#####.#.#
#................ #.#.#
#.#.#...........# #.#.#
#.#.#...#<......####.#.#
#.#.#.....#....g@....#.#
#.#.#.#.......(#######.#
#.......#.###.(# #.#
..#.#.#.#.#..#(# #.#
#.#.#.#.#.#..#(# #.#
#.#.#.#.#.#. #.
#.#.#.#.#.# #.
#.#.#.#...# #. #.#.#.#


You could see Ijyb.

Vanquished Creatures
  3 adders
  3 oozes
  3 worms (D:3)
  3 dart slugs
  An orc (D:3)
  A giant cockroach (D:1)
  4 hobgoblins
  5 jackals
  A quokka (D:2)
  A ball python (D:2)
  4 bats
  8 frilled lizards
  10 goblins
  7 kobolds
  9 rats
63 creatures vanquished.

Notes
Turn   | Place    | Note
-------+----------+-------------------------------------------
     0 | D:1      | Edwards80 the Halfling Hunter began the quest for the Orb.
     0 | D:1      | Reached XP level 1. HP: 14/14 MP: 1/1
    30 | D:1      | Reached skill level 6 in Slings
    35 | D:1      | Reached XP level 2. HP: 8/19 MP: 2/2
   320 | D:1      | Reached XP level 3. HP: 18/24 MP: 3/3
   363 | D:1      | Reached skill level 7 in Slings
   901 | D:2      | Reached XP level 4. HP: 29/29 MP: 4/4
  1092 | D:2      | Reached skill level 8 in Slings
  1768 | D:3      | Found a runed translucent gate.
  1768 | D:3      | Found a runed translucent gate.
  1769 | D:3      | Noticed jt's ghost (amateur GrMo)
  1870 | D:3      | Found a runed translucent gate.
  2079 | D:3      | Reached XP level 5. HP: 34/34 MP: 5/5
  2492 | D:4      | Noticed Ijyb
  2497 | D:4      | Killed from afar by Ijyb

Levels and vault maps discovered:
D:1:      dpeg_chamrin_arrival_tetris, layout_rooms
D:2:      layout_basic, minmay_pentomino_t4
D:3:      layout_basic, gammafunk_ghost_split, minmay_between
D:4:      layout_basic, first_ration, roderic_lattice_a, uniq_ijyb

Skill      XL: |  1  2  3  4 |
---------------+-------------+-----
Slings         | 6 7 8 |  8.8
Fighting       | |  1.8
Armour         | |  0.1
Dodging        | |  2.2
Stealth        | |  1.1

Action                   |  1- 3 |  4- 6 || total
-------------------------+-------+-------++-------
Melee: Short sword       |    16 |       ||    16
       Dagger            |       |     1 ||     1
 Fire: Hunting sling     |    75 |   107 ||   182
  Use: Scroll            |       |     5 ||     5
  Eat: Ration            |       |     1 ||     1
       Chunk             |       |     1 ||     1
Armor: Leather armour    |     2 |       ||     2
       Ring mail         |     5 |       ||     5
       Chain mail        |    15 |     5 ||    20
       Plate armour      |       |    22 ||    22
Dodge: Dodged            |    31 |    12 ||    43

Table legend:
 A = Non-vault XP
 B = Vault XP
 C = Vault XP percentage of total XP
 D = Non-vault monster count
 E = Vault monster count
 F = Vault count percentage of total count
                 A         B        C        D         E       F
            +---------+---------+-------+---------+---------+-------
      Total |     146 |      17 |  10.4 |      56 |       7 |  11.1
            +---------+---------+-------+---------+---------+-------
        D:1 |      43 |       0 |   0.0 |      21 |       0 |   0.0
        D:2 |      44 |      12 |  21.4 |      19 |       4 |  17.4
        D:3 |      45 |       5 |  10.0 |      14 |       3 |  17.6
        D:4 |      14 |       0 |   0.0 |       2 |       0 |   0.0
            +---------+---------+-------+---------+---------+-------
